AoeStats
← Josmarpi

Arabian Desert

509653293Analyzed
1v1 RM · 5d ago on Sep 27, 2026· 60m 13s· 2 players
Game mode
Random Map
Map size
Tiny (2 player)
Population
200
Speed
Normal
Resources
Standard
Victory
Conquest
Starting age
Dark Age
Ending age
Imperial Age
RankedLock teamsTeams togetherTeam positionsShared explorationLock speedFull tech treeHidden civsTurbo modeCheats
Victory
Defeat
🇪🇸 Bulgarians · Spain
403
+20
🇻🇪 Danes · Venezuela
481
-20
sandinlastraoscar
9:01 Feudal Age
10:38 Wheelbarrow
15:46 Double-Bit Axe
19:58 Forging
19:49 Scale Mail Armor
20:55 Horse Collar
25:35 Castle Age
25:52 Scale Barding Armor
26:00 Bloodlines
25:50 Gold Mining
27:15 Squires
28:13 Heavy Plow
30:19 Chain Mail Armor
31:46 Hand Cart
40:35 Imperial Age
38:42 Iron Casting
39:46 Chain Barding Armor
39:15 Gambesons
40:02 Fletching
44:55 Bow Saw
49:08 Light Cavalry
49:50 Husbandry
51:23 Hussar
52:41 Plate Mail Armor
52:14 Padded Archer Armor
55:01 Blast Furnace
56:10 Conscription
57:14 Stirrups
58:52 Plate Barding Armor
Josmarpi
12:52 Feudal Age
13:30 Double-Bit Axe
14:05 Horse Collar
22:09 Castle Age
23:40 Wheelbarrow
23:40 Bow Saw
24:53 Fletching
25:16 Scale Mail Armor
26:02 Town Watch
27:11 Loom
29:50 Bodkin Arrow
30:04 Squires
29:52 Arson
30:46 Hand Cart
32:01 Forging
35:12 Town Patrol
35:37 Guard Tower
35:47 Murder Holes
36:06 Gambesons
36:36 Stone Mining
36:37 Gold Mining
38:33 Heavy Plow
43:18 Man-at-Arms
44:45 Fervor
54:25 Pikeman
56:33 Gold Shaft Mining
56:37 Hamask
58:23 Chain Mail Armor
58:44 Iron Casting
57:42 Elite Skirmisher
Connection lost

Rejoining the realm…

Still unreachable

The connection could not be restored.

Session expired

The server has moved on; the page needs a fresh start.